NWL (28 & UNDER)
BISMARCK BARONS @ BALZAC RAMS
07/17/2023
 
TOP OF THE 1ST
Bismarck Barons batting - Pitching for Balzac Rams : RHP Anthony Rigsby
Pitching: RHP Anthony Rigsby
Batting: RHB Jorge Espinosa 0-0: Ball
1-0: Ball
2-0: Bunt for hit - play at first, batter OUT! 5-3
Batting: LHB Dave Gray 0-0: SINGLE (Groundball, 4M)
Batting: RHB Jack Bailey 0-0: Swinging Strike
0-1: Ball
1-1: Foul Ball, location: 2F
1-2: Ball
2-2: SINGLE (Line Drive, 5L)
Dave Gray to second
Batting: RHB Paul Ladd 0-0: Called Strike
0-1: Called Strike
0-2: Strikes out swinging
Batting: RHB Kiyomitsu Shinoda 0-0: Swinging Strike
0-1: Ball
1-1: Ball
2-1: Ball
3-1: Base on Balls
Dave Gray to third
Jack Bailey to second
Batting: SHB Lester Olsen 0-0: SINGLE (Line Drive, 7S)
Dave Gray scores
Jack Bailey to third
Kiyomitsu Shinoda to second
Runner from 3rd tries for Home, throw and OUT!
Top of the 1st over - 1 run(s), 3 hit(s), 0 error(s), 2 left on base; Bismarck 1 - Balzac 0
BOTTOM OF THE 1ST
Balzac Rams batting - Pitching for Bismarck Barons : RHP Ron Young
Pitching: RHP Ron Young
Batting: RHB Thomas Christopher 0-0: Ball
1-0: SINGLE (Flyball, 8RS)
Batting: RHB Tokuhei Kobayashi 0-0: Ball
1-0: Ball
2-0: Ball
3-0: Base on Balls
Thomas Christopher to second
Batting: SHB Chris Bennis 0-0: Swinging Strike
0-1: Fly out, F7 (Popup, 7S)
Batting: LHB José Berroa 0-0: Swinging Strike
0-1: Ball
Thomas Christopher steals 3rd base
Tokuhei Kobayashi to second
1-1: Ball
2-1: Reached on error, E4 (Groundball, 4S)
Thomas Christopher scores
Tokuhei Kobayashi scores
Batting: LHB Pat Zimmerman 0-0: Foul Ball, location: 2F
0-1: Foul Ball, location: 2F
0-2: Ball
1-2: Foul Ball, location: 2F
1-2: Ball
2-2: Ball
3-2: Foul Ball, location: 2F
3-2: Strikes out looking
Batting: RHB Dave Craig 0-0: Called Strike
0-1: Foul Ball, location: 2F
0-2: Ball
1-2: Ground out 6-3 (Groundball, 6)
Bottom of the 1st over - 2 run(s), 1 hit(s), 1 error(s), 1 left on base; Bismarck 1 - Balzac 2
TOP OF THE 2ND
Bismarck Barons batting - Pitching for Balzac Rams : RHP Anthony Rigsby
Batting: RHB Benito Minardi 0-0: Called Strike
0-1: Ball
1-1: Called Strike
1-2: Foul Ball, location: 2F
1-2: Strikes out swinging
Batting: RHB Miguel Hernández 0-0: Called Strike
0-1: Ball
1-1: Swinging Strike
1-2: Foul Ball, location: 2F
1-2: Foul Ball, location: 2F
1-2: Foul Ball, location: 2F
1-2: DOUBLE (Flyball, 7LM)
Batting: LHB Lorenzo Núñes 0-0: Reached on error, E3 (Groundball, 3)
Miguel Hernández to third
Batting: RHB Jorge Espinosa 0-0: Called Strike
0-1: Ball
1-1: Foul Ball, location: 2F
1-2: Foul Ball, location: 2F
1-2: Fly out, F9 (Flyball, 9LM)
Runner from 3rd tags up, SCORES, throw made
Batting: LHB Dave Gray 0-0: Foul Ball, location: 2F
0-1: Fly out, F9 (Flyball, 89M)
Top of the 2nd over - 1 run(s), 1 hit(s), 1 error(s), 1 left on base; Bismarck 2 - Balzac 2
BOTTOM OF THE 2ND
Balzac Rams batting - Pitching for Bismarck Barons : RHP Ron Young
Batting: LHB Colt Pope 0-0: Foul Ball, location: 2F
0-1: Ball
1-1: Foul Ball, location: 2F
1-2: Strikes out swinging
Batting: RHB Manuel Pérez 0-0: Ball
1-0: Called Strike
1-1: Fly out, F4 (Popup, 4D)
Batting: RHB Félix Quintero 0-0: SOLO HOME RUN (Flyball, 89XD), Distance : 415 ft
Batting: RHB Thomas Christopher 0-0: Called Strike
0-1: Ball
1-1: Ball
2-1: SOLO HOME RUN (Flyball, 7D), Distance : 433 ft
Batting: RHB Tokuhei Kobayashi 0-0: Called Strike
0-1: Called Strike
0-2: Strikes out swinging
Bottom of the 2nd over - 2 run(s), 2 hit(s), 0 error(s), 0 left on base; Bismarck 2 - Balzac 4
TOP OF THE 3RD
Bismarck Barons batting - Pitching for Balzac Rams : RHP Anthony Rigsby
Batting: RHB Jack Bailey 0-0: Called Strike
0-1: Ball
1-1: Swinging Strike
1-2: Ball
2-2: Foul Ball, location: 2F
2-2: Ball
3-2: Base on Balls
Batting: RHB Paul Ladd 0-0: Swinging Strike
0-1: DOUBLE (Flyball, 89D)
Jack Bailey to third
Runner from 3rd tries for Home, SAFE, no throw or cutoff
Batting: RHB Kiyomitsu Shinoda 0-0: Ball
1-0: Called Strike
1-1: Swinging Strike
1-2: Ball
2-2: Strikes out swinging
Batting: SHB Lester Olsen 0-0: Swinging Strike
0-1: Foul Ball, location: 2F
0-2: Ball
1-2: Ball
2-2: Ball
3-2: Foul Ball, location: 2F
3-2: Fly out, F8 (Flyball, 8RM)
Batting: RHB Benito Minardi 0-0: DOUBLE (Line Drive, 5)
Paul Ladd scores
Batting: RHB Miguel Hernández 0-0: Ball
1-0: Ball
2-0: Called Strike
2-1: Called Strike
2-2: Ground out 6-3 (Groundball, 6)
Top of the 3rd over - 2 run(s), 2 hit(s), 0 error(s), 1 left on base; Bismarck 4 - Balzac 4
BOTTOM OF THE 3RD
Balzac Rams batting - Pitching for Bismarck Barons : RHP Ron Young
Batting: SHB Chris Bennis 0-0: Foul Ball, location: 2F
0-1: Ball
1-1: Foul Ball, location: 2F
1-2: Ball
2-2: Strikes out swinging
Batting: LHB José Berroa 0-0: Ball
1-0: Called Strike
1-1: Swinging Strike
1-2: Strikes out swinging
Batting: LHB Pat Zimmerman 0-0: Ground out 5-3 (Groundball, 56S)
Bottom of the 3rd over - 0 run(s), 0 hit(s), 0 error(s), 0 left on base; Bismarck 4 - Balzac 4
TOP OF THE 4TH
Bismarck Barons batting - Pitching for Balzac Rams : RHP Anthony Rigsby
Batting: LHB Lorenzo Núñes 0-0: Called Strike
0-1: Ball
1-1: Ground out 6-3 (Groundball, 6)
Batting: RHB Jorge Espinosa 0-0: Ball
1-0: Called Strike
1-1: Ball
2-1: Ground out 6-3 (Groundball, 6M)
Batting: LHB Dave Gray 0-0: Foul Ball, location: 2F
0-1: Swinging Strike
0-2: SINGLE (Flyball, 89S)
Batting: RHB Jack Bailey 0-0: Ball
1-0: Foul Ball, location: 2F
1-1: Ball
Dave Gray steals 2nd base
2-1: Ground out 5-3 (Groundball, 5)
Top of the 4th over - 0 run(s), 1 hit(s), 0 error(s), 1 left on base; Bismarck 4 - Balzac 4
BOTTOM OF THE 4TH
Balzac Rams batting - Pitching for Bismarck Barons : RHP Ron Young
Batting: RHB Dave Craig 0-0: Called Strike
0-1: Ball
1-1: Ball
2-1: Ground out 6-3 (Groundball, 6M)
Batting: LHB Colt Pope 0-0: Foul Ball, location: 2F
0-1: Ball
1-1: Called Strike
1-2: Strikes out swinging
Batting: RHB Manuel Pérez 0-0: Ball
1-0: Ball
2-0: Fly out, F2 (Popup, 2LF)
Bottom of the 4th over - 0 run(s), 0 hit(s), 0 error(s), 0 left on base; Bismarck 4 - Balzac 4
TOP OF THE 5TH
Bismarck Barons batting - Pitching for Balzac Rams : RHP Anthony Rigsby
Batting: RHB Paul Ladd 0-0: Called Strike
0-1: Ball
1-1: Ball
2-1: SINGLE (Groundball, 4MD)
Batting: RHB Kiyomitsu Shinoda 0-0: Ball
1-0: Called Strike
1-1: Foul Ball, location: 2F
1-2: Strikes out looking
Batting: SHB Lester Olsen 0-0: Ball
1-0: Called Strike
1-1: Fly out, F8 (Flyball, 8LS)
Batting: RHB Benito Minardi 0-0: Ball
1-0: Ball
Wild Pitch!
Paul Ladd to second
2-0: SINGLE (Line Drive, 8RS)
Paul Ladd to third
Batting: RHB Miguel Hernández 0-0: Ball
1-0: Called Strike
1-1: SINGLE (Line Drive, 8RS)
Paul Ladd scores
Benito Minardi to second
Pitching: LHP Alberto García
Batting: LHB Lorenzo Núñes 0-0: Called Strike
0-1: Swinging Strike
0-2: Ball
1-2: Strikes out looking
Top of the 5th over - 1 run(s), 3 hit(s), 0 error(s), 2 left on base; Bismarck 5 - Balzac 4
BOTTOM OF THE 5TH
Balzac Rams batting - Pitching for Bismarck Barons : RHP Ron Young
Batting: RHB Félix Quintero 0-0: Swinging Strike
0-1: Called Strike
0-2: Ball
1-2: Foul Ball, location: 2F
1-2: Strikes out looking
Batting: RHB Thomas Christopher 0-0: Called Strike
0-1: Ball
1-1: Ball
2-1: Ball
3-1: Foul Ball, location: 2F
3-2: Fly out, F5 (Line Drive, 56)
Batting: RHB Tokuhei Kobayashi 0-0: Called Strike
0-1: Ball
1-1: Foul Ball, location: 2F
1-2: Foul Ball, location: 2F
1-2: Ball
2-2: DOUBLE (Flyball, 78M)
Batting: SHB Chris Bennis 0-0: Called Strike
0-1: Foul Ball, location: 2F
0-2: Ball
1-2: Foul Ball, location: 2F
1-2: Foul Ball, location: 2F
1-2: Ball
2-2: Ball
3-2: Base on Balls
Batting: LHB José Berroa 0-0: Called Strike
0-1: Ball
1-1: SINGLE (Line Drive, 34D)
Tokuhei Kobayashi to third
Chris Bennis to second
Batting: LHB Pat Zimmerman 0-0: Ground out 5-3 (Groundball, 56S)
Bottom of the 5th over - 0 run(s), 2 hit(s), 0 error(s), 3 left on base; Bismarck 5 - Balzac 4
TOP OF THE 6TH
Bismarck Barons batting - Pitching for Balzac Rams : LHP Alberto García
Batting: RHB Jorge Espinosa 0-0: Foul Ball, location: 2F
0-1: Ball
1-1: Foul Ball, location: 2F
1-2: Strikes out swinging
Batting: LHB Dave Gray 0-0: Ball
1-0: Fly out, F7 (Popup, 5D)
Batting: RHB Jack Bailey 0-0: Foul Ball, location: 2F
0-1: Ball
1-1: Ball
2-1: Called Strike
2-2: Ball
3-2: Foul Ball, location: 2F
3-2: Base on Balls
Batting: RHB Paul Ladd 0-0: Called Strike
0-1: Ball
1-1: Swinging Strike
1-2: Foul Ball, location: 2F
1-2: Strikes out swinging
Top of the 6th over - 0 run(s), 0 hit(s), 0 error(s), 1 left on base; Bismarck 5 - Balzac 4
BOTTOM OF THE 6TH
Balzac Rams batting - Pitching for Bismarck Barons : RHP Ron Young
Pitching: LHP Kevin Andrews
Batting: RHB Dave Craig 0-0: Reached on error, E5 (Groundball, 56)
Batting: LHB Colt Pope 0-0: 2-RUN HOME RUN (Flyball, 8RXD), Distance : 410 ft
Batting: RHB Manuel Pérez 0-0: Swinging Strike
0-1: Called Strike
0-2: Ball
1-2: Fly out, F9 (Line Drive, 9LD)
Batting: RHB Félix Quintero 0-0: Ground out 5-3 (Groundball, 5S)
Batting: RHB Thomas Christopher 0-0: Ball
1-0: Foul Ball, location: 2F
1-1: Ball
2-1: Ground out U3 (Groundball, 3S)
Bottom of the 6th over - 2 run(s), 1 hit(s), 1 error(s), 0 left on base; Bismarck 5 - Balzac 6
TOP OF THE 7TH
Bismarck Barons batting - Pitching for Balzac Rams : LHP Alberto García
Batting: RHB Kiyomitsu Shinoda 0-0: Called Strike
0-1: Ball
1-1: DOUBLE (Groundball, 5L)
Batting: SHB Lester Olsen 0-0: Foul Ball, location: 2F
0-1: Ball
1-1: Fly out, F8 (Flyball, 8RM)
Batting: RHB Benito Minardi 0-0: Ball
1-0: Foul Ball, location: 2F
1-1: Called Strike
1-2: Ball
2-2: Strikes out looking
Batting: RHB Miguel Hernández 0-0: Ball
1-0: Swinging Strike
1-1: Foul Ball, location: 2F
1-2: Strikes out swinging
Top of the 7th over - 0 run(s), 1 hit(s), 0 error(s), 1 left on base; Bismarck 5 - Balzac 6
BOTTOM OF THE 7TH
Balzac Rams batting - Pitching for Bismarck Barons : LHP Kevin Andrews
Batting: RHB Tokuhei Kobayashi 0-0: Swinging Strike
0-1: Ball
1-1: Fly out, F8 (Flyball, 8LM)
Batting: SHB Chris Bennis 0-0: Foul Ball, location: 2F
0-1: Ground out 4-3 (Groundball, 4)
Batting: LHB José Berroa 0-0: Ball
1-0: Called Strike
1-1: Ball
2-1: Foul Ball, location: 2F
2-2: Ball
3-2: Base on Balls
Pinch Hitting: RHB Ramón Torres 0-0: Swinging Strike
0-1: Ball
1-1: Ball
Wild Pitch!
José Berroa to second
2-1: Foul Ball, location: 2F
2-2: Foul Ball, location: 2F
2-2: Foul Ball, location: 2F
2-2: Ground out 6-3 (Groundball, 6)
Bottom of the 7th over - 0 run(s), 0 hit(s), 0 error(s), 1 left on base; Bismarck 5 - Balzac 6
TOP OF THE 8TH
Bismarck Barons batting - Pitching for Balzac Rams : LHP Alberto García
Pitching: LHP Richard Dorris
Now in RF: William Wolf
Batting: LHB Lorenzo Núñes 0-0: SINGLE (Line Drive, 89S)
Pitching: RHP Ryan Stewart
Batting: RHB Jorge Espinosa 0-0: Sac Bunt - play at first, batter safe!
Lorenzo Núñes to second
Pitching: LHP Tim Jenkins
Pinch Hitting: RHB Ron James 0-0: Sac Bunt - play at first, batter OUT! 5-4
Lorenzo Núñes to third
Jorge Espinosa to second
Pitching: RHP David Elías
Batting: RHB Jack Bailey 0-0: Swinging Strike
0-1: Fly out, F9 (Flyball, 89S)
Batting: RHB Paul Ladd 0-0: Called Strike
0-1: Ball
1-1: Ball
2-1: Ball
3-1: Called Strike
3-2: Strikes out looking
Top of the 8th over - 0 run(s), 2 hit(s), 0 error(s), 2 left on base; Bismarck 5 - Balzac 6
BOTTOM OF THE 8TH
Balzac Rams batting - Pitching for Bismarck Barons : LHP Kevin Andrews
Pitching: RHP Dalton Ray
Now at 3B: Gil Watcham
Batting: RHB Dave Craig 0-0: Called Strike
0-1: Ball
1-1: Ball
2-1: DOUBLE (Line Drive, 7LS)
Batting: LHB Colt Pope 0-0: Intentional Walk
Batting: RHB Manuel Pérez 0-0: Sac Bunt - play at first, batter OUT! 3-4
Dave Craig to third
Colt Pope to second
Batting: RHB Félix Quintero 0-0: Swinging Strike
0-1: Called Strike
0-2: Strikes out swinging
Batting: RHB Thomas Christopher 0-0: Called Strike
0-1: Called Strike
0-2: Foul Ball, location: 2F
0-2: SINGLE (Groundball, 4M)
Dave Craig scores
Colt Pope to third
Runner from 3rd tries for Home, SAFE, no throw or cutoff
Batting: RHB Tokuhei Kobayashi 0-0: Ball
1-0: Called Strike
1-1: Fly out, F8 (Flyball, 8LS)
Bottom of the 8th over - 2 run(s), 2 hit(s), 0 error(s), 1 left on base; Bismarck 5 - Balzac 8
TOP OF THE 9TH
Bismarck Barons batting - Pitching for Balzac Rams : RHP David Elías
Pitching: RHP Shiki Kanno
Batting: RHB Kiyomitsu Shinoda 0-0: Foul Ball, location: 2F
0-1: Called Strike
0-2: Strikes out swinging
Batting: SHB Lester Olsen 0-0: Foul Ball, location: 2F
0-1: Swinging Strike
0-2: Ball
1-2: Hit by Pitch
Batting: RHB Benito Minardi 0-0: SINGLE (Groundball, 25) (infield hit)
Lester Olsen to second
Batting: RHB Miguel Hernández 0-0: Called Strike
0-1: Foul Ball, location: 2F
Balk!
Lester Olsen to third
Benito Minardi to second
0-2: Strikes out swinging
Pinch Hitting: SHB Víctor Serrano 0-0: Called Strike
0-1: Fly out, F2 (Popup, 2LF)
Top of the 9th over - 0 run(s), 1 hit(s), 0 error(s), 2 left on base; Bismarck 5 - Balzac 8
This league is powered by Out of the Park Baseball, the baseball management simulation game for PC, Mac and Linux
Wednesday, December 2nd, 2015 - OOTP Baseball 16.8 Build 38